 Dungeon Sprint DCSS version 0.17-a0-1570-g74b7129 (webtiles) character file.

4099 tt080 the Basher (level 10, -5/103 HPs)
             Began as a Deep Dwarf Berserker on July 23, 2015.
             Was a High Priest of Trog.
             Slain by Sonja
             ... wielding a +0 short sword of distortion
              (6 damage)
             ... in the Dungeon (Sprint I: "Red Sonja").
             The game lasted 00:09:14 (851 turns).

tt080 the Basher (Deep Dwarf Berserker)              Turns: 851, Time: 00:09:14

Health: -5/103     AC:  2    Str: 21    XL:     10   Next: 6%
Magic:  7/7        EV: 19    Int:  9    God:    Trog [*****.]
Gold:   313        SH:  0    Dex: 14    Spells: 0 memorised, 9 levels left

rFire  . . .     SeeInvis .     j - +1 quarterstaff (speed)
rCold  . . .     Clarity  .     n - +0 robe {MR+}
rNeg   . . .     SustAt   .     (no shield)
rPois  .         Gourm    .     (helmet restricted)
rElec  .         Spirit   .     (no cloak)
rCorr  .         Warding  .     (no gloves)
rMut   .         NoTele   +     (no boots)
MR     ++...                    (no amulet)
Stlth  +.........               (no ring)
                                (no ring)

@: lethally poisoned (-5 -> -5), exhausted, non-regenerating, slowed, very slow,
very resistant to hostile enchantments, very unstealthy
A: damage resistance, recharge devices, antennae 1, sense surroundings 2, slow
healing 3
a: Device Recharging, Burn Spellbooks, Berserk, Trog's Hand, Brothers in Arms,
Renounce Religion


You were in the Dungeon.
You worshipped Trog.
Trog was extremely pleased with you.
You were not hungry.

You visited 1 branch You collected 607 gold pieces.
You spent 294 gold pieces at shops.

Inventory:

Hand weapons
 a - a +0 mace
 j - a +1 quarterstaff of speed (weapon)
 m - a +4 falchion
Armour
 b - a +0 animal skin
 n - a +0 robe of magic resistance (worn)
Magical devices
 c - a wand of heal wounds (2)
 l - a wand of frost (25)
Scrolls
 g - a scroll of amnesia {unknown}
Potions
 e - a potion of curing
 h - 2 potions of magic
 i - a potion of berserk rage
Comestibles
 d - 2 bread rations
 f - 3 meat rations
 k - a royal jelly
 o - 2 chunks of flesh


   Skills:
 + Level 10.9 Fighting
 * Level 14.9 Maces & Flails
 - Level 10.6 Armour
 + Level 11.5 Dodging


You had 9 spell levels left.
You didn't know any spells.

Dungeon Overview and Level Annotations

Branches:
Dungeon (1/1)

Altars:
Cheibriados
Dithmenos
Elyvilon
Fedhas
Gozag
Kikubaaqudgha
Makhleb
Nemelex Xobeh
Okawaru
Qazlal
Ru
Sif Muna
Trog
Vehumet
Xom
Yredelemnul
Zin
The Shining One
Jiyva

Shops:
D %

Annotations:
D exclusion: door, Sonja


Innate Abilities, Weirdness & Mutations

You are resistant to damage.
You can recharge devices by infusing magical energy.
You passively map the area around you.
You do not heal naturally.
You have a pair of small antennae on your head.


Message History

Sonja wields an uncursed short sword of distortion.
Its appearance distorts for a moment.
Sonja completely misses you.
Sonja hits you with an uncursed short sword of distortion!
* * * LOW HITPOINT WARNING * * *
Space bends around you.
* * * LOW HITPOINT WARNING * * *
Sonja barely misses you.
You continue eating.
Sonja hits you with an uncursed short sword of distortion!
* * * LOW HITPOINT WARNING * * *
Space bends around you. Sonja closely misses you.
Sonja hits you but does no damage.
You feel a strange sense of stasis. Sonja closely misses you.
Sonja hits you with an uncursed short sword of distortion.
Space warps horribly around you!
* * * LOW HITPOINT WARNING * * *
Sonja misses you.
You continue eating.
Sonja hits you with an uncursed short sword of distortion!
You die...

##########################
#<.#..').#.)K(.#__#..)...# ,
#..').#..'.@#..'..'.)#...##+
#..#####'#####)#__####..ss..
#..####..#...#§####..#####..
#..#__####..##(#§§§.§#..#* #
#..#_..__##'#..'§§§.§§..#,
#⌠⌠#_.∩...'..._#§§§§§#..#
####_..._##_.#'##+#####'###
#_____###'#(#?.$?#*#.+$#, *
####### #.####'###,###.#


You could see Sonja.

Vanquished Creatures
  2 centaur warriors (D)
  A shining eye (D)
  An oklob plant (D)
  2 kobold demonologists (D)
  3 demonic crawlers (D)
  A slime creature (D)
  Sigmund (D)
  A trapdoor spider (D)
  A yak (D)
  An ogre (D)
  A wasp (D)
  A jelly (D)
  Ijyb (D)
  A giant eyeball (D)
18 creatures vanquished.

Vanquished Creatures (others)
  A gargoyle (D)
  A ballistomycete (D)
  2 giant spores (D)
4 creatures vanquished.

Grand Total: 22 creatures vanquished

Notes
Turn   | Place    | Note
--------------------------------------------------------------
     0 | D        | tt080 the Deep Dwarf Berserker began the quest for the Orb.
     0 | D        | Reached XP level 1. HP: 20/20 MP: 1/1
     1 | D        | Noticed Ijyb
    11 | D        | Killed Ijyb
    11 | D        | Reached skill level 4 in Fighting
    11 | D        | Reached XP level 2. HP: 30/30 MP: 2/2
    56 | D        | Noticed an ogre
    60 | D        | Killed an ogre
    60 | D        | Acquired Trog's second power
    60 | D        | Reached skill level 5 in Fighting
    60 | D        | Reached skill level 6 in Maces & Flails
    60 | D        | Reached XP level 3. HP: 40/40 MP: 3/3
    60 | D        | Reached XP level 4. HP: 48/48 MP: 4/4
   113 | D        | Noticed Sigmund
   121 | D        | Killed Sigmund
   121 | D        | Reached skill level 8 in Maces & Flails
   121 | D        | Reached skill level 5 in Armour
   121 | D        | Reached skill level 5 in Dodging
   121 | D        | Reached XP level 5. HP: 54/56 MP: 5/5
   121 | D        | Reached XP level 6. HP: 60/63 MP: 6/6
   182 | D        | Found a snail-covered altar of Cheibriados.
   182 | D        | Found a shadowy altar of Dithmenos.
   182 | D        | Noticed a slime creature
   183 | D        | Found a viscous altar of Jiyva.
   183 | D        | Found a blossoming altar of Fedhas.
   189 | D        | Killed a slime creature
   189 | D        | Reached skill level 9 in Maces & Flails
   242 | D        | Noticed a kobold demonologist
   243 | D        | Noticed a kobold demonologist
   245 | D        | Paralysed by a giant eyeball for 2 turns
   259 | D        | Paralysed by a giant eyeball for 3 turns
   264 | D        | Noticed an ice devil
   265 | D        | Noticed a hellwing
   267 | D        | Killed a kobold demonologist
   267 | D        | Reached skill level 10 in Maces & Flails
   267 | D        | Reached XP level 7. HP: 56/74 MP: 7/7
   276 | D        | Noticed a sun demon
   281 | D        | Killed a kobold demonologist
   281 | D        | Reached skill level 11 in Maces & Flails
   283 | D        | Paralysed by a giant eyeball for 4 turns
   290 | D        | Acquired Trog's third power
   309 | D        | Found a deep blue altar of Sif Muna.
   309 | D        | Noticed a jelly
   311 | D        | Found a radiant altar of Vehumet.
   322 | D        | Killed a jelly
   322 | D        | Reached XP level 8. HP: 17/82 MP: 8/8
   343 | D        | Found Ydunep's Food Emporium.
   343 | D        | Found a white marble altar of Elyvilon.
   343 | D        | Found a stormy altar of Qazlal.
   343 | D        | Found a burning altar of Makhleb.
   343 | D        | Found a sacrificial altar of Ru.
   343 | D        | Found a basalt altar of Yredelemnul.
   343 | D        | Found a glowing golden altar of the Shining One.
   343 | D        | Found a sparkling altar of Nemelex Xobeh.
   343 | D        | Found a shimmering altar of Xom.
   343 | D        | Found an opulent altar of Gozag.
   343 | D        | Found an ancient bone altar of Kikubaaqudgha.
   343 | D        | Found a glowing silver altar of Zin.
   343 | D        | Noticed a yak
   360 | D        | Killed a yak
   361 | D        | Found an iron altar of Okawaru.
   370 | D        | Found a bloodstained altar of Trog.
   374 | D        | Bought a meat ration for 70 gold pieces
   374 | D        | Bought a meat ration for 70 gold pieces
   374 | D        | Bought a bread ration for 70 gold pieces
   374 | D        | Bought a royal jelly for 28 gold pieces
   374 | D        | Bought a royal jelly for 28 gold pieces
   374 | D        | Bought a royal jelly for 28 gold pieces
   422 | D        | Noticed a centaur warrior
   443 | D        | Killed a centaur warrior
   443 | D        | Reached skill level 12 in Maces & Flails
   488 | D        | Noticed a demonic crawler
   488 | D        | Noticed a demonic crawler
   488 | D        | Noticed a demonic crawler
   488 | D        | Noticed a demonic crawler
   503 | D        | Killed a demonic crawler
   503 | D        | Reached skill level 13 in Maces & Flails
   503 | D        | Gained mutation: You passively map the area around you. [Deep Dwarf growth]
   503 | D        | Reached XP level 9. HP: 59/92 MP: 8/8
   512 | D        | Killed a demonic crawler
   512 | D        | Reached skill level 10 in Armour
   512 | D        | Reached skill level 10 in Dodging
   520 | D        | Killed a demonic crawler
   520 | D        | Reached skill level 10 in Fighting
   521 | D        | HP: 4/93 [demonic crawler (12)]
   582 | D        | Noticed a deep troll
   582 | D        | Noticed a wasp
   593 | D        | Killed a wasp
   630 | D        | Noticed an oklob plant
   638 | D        | Killed an oklob plant
   638 | D        | Reached skill level 14 in Maces & Flails
   641 | D        | Killed a gargoyle
   687 | D        | Noticed a trapdoor spider
   700 | D        | Killed a trapdoor spider
   728 | D        | Noticed Sonja
   743 | D        | Noticed a centaur warrior
   750 | D        | Killed a centaur warrior
   788 | D        | Noticed a shining eye
   796 | D        | Gained mutation: You have a pair of small antennae on your head. [a shining eye]
   803 | D        | Killed a shining eye
   803 | D        | Received a gift from Trog
   803 | D        | Reached XP level 10. HP: 36/103 MP: 7/7
   850 | D        | HP: 1/103 [Sonja/uncursed short sword of distortion (16)]
   851 | D        | Slain by Sonja

Vault maps used:
D:        dungeon_sprint_1

Action                   |  1- 3 |  4- 6 |  7- 9 | 10-12 || total
-------------------------+-------+-------+-------+-------++-------
Melee: Mace              |    10 |    27 |   106 |       ||   143
       Quarterstaff      |       |       |       |     3 ||     3
Invok: Berserk           |     2 |     3 |     7 |     1 ||    13
       Trog's Hand       |       |       |     1 |       ||     1
 Abil: Device Recharging |       |       |     3 |       ||     3
Evoke: Wand              |       |       |    14 |     1 ||    15
  Use: Potion            |       |     1 |     1 |       ||     2
       Scroll            |       |       |     1 |       ||     1
  Eat: Chunk             |       |     2 |     7 |     1 ||    10
       Royal jelly       |       |       |     2 |       ||     2
